 Dungeon Crawl Stone Soup version 0.28-a0-823-gb444dcf96d (webtiles) character file.

Game seed: 8120238263707079874

97 lawman0 the Magician (level 4, -3/51 HPs)
             Began as a Draconian Hedge Wizard on Nov 9, 2021.
             Killed from afar by Grinder (8 damage)
             ... with a puff of flame
             ... while paralysed by Grinder
             ... on level 3 of the Dungeon.
             The game lasted 00:03:20 (2854 turns).

lawman0 the Magician (Draconian Hedge Wizard)       Turns: 2854, Time: 00:03:21

Health: -3/51      AC:  6    Str: 13    XL:     4   Next: 42%
Magic:  1/9        EV:  2    Int: 15    God:
Gold:   82         SH:  0    Dex: 10    Spells: 1/10 levels left

rFire   . . .      SeeInvis .   c - +0 spear
rCold   . . .      Faith    .   (no shield)
rNeg    . . .      Spirit   .   (armour unavailable)
rPois   .          Reflect  .   b - +1 hat
rElec   .          Harm     .   g - scarf {shadows}
rCorr   .          Rampage  .   (no gloves)
Will    .....                   (no boots)
Stlth   ..........              (no amulet)
HPRegen 0.17/turn               (no ring)
MPRegen 0.11/turn               (no ring)

@: paralysed, berserking (expiring)
A: AC +5, unfitting armour, cold-blooded
a: no special abilities


You were on level 3 of the Dungeon.
You visited 1 branch of the dungeon, and saw 3 of its levels.

You collected 82 gold pieces.

Inventory:

Hand Weapons
 c - a +0 spear (weapon)
Missiles
 e - 2 throwing nets
Armour
 b - a +1 hat (worn)
 g - a scarf of shadows (worn)
Magical Staves
 j - a staff of air
 k - a staff of fire
Wands
 m - a wand of polymorph (9)
Scrolls
 a - a scroll of silence {unknown}
 d - a scroll of enchant armour
 f - a scroll of amnesia {unknown}
Potions
 l - 2 potions of curing
 n - a potion of berserk rage


   Skills:
 + Level 0.6 Fighting
 + Level 2.2 Dodging
 + Level 2.0 Stealth
 + Level 3.9 Spellcasting
 * Level 2.6 Conjurations
 + Level 1.0 Summonings
 + Level 1.0 Translocations


You had one spell level left.
You knew the following spells:

 Your Spells              Type           Power      Damage    Failure   Level
a - Magic Dart            Conj           40%        1d5       6%          1
b - Slow                  Hex            8%         N/A       19%         1
c - Blink                 Tloc           10%        N/A       19%         2
d - Call Imp              Summ           5%         N/A       19%         2
e - Mephitic Cloud        Conj/Pois/Air  5%         N/A       36%         3

Your spell library contained the following spells:

 Spells                   Type           Power      Damage    Failure   Level
 Corpse Rot               Necr/Air       4%         N/A       28%         2
 Conjure Flame            Conj/Fire      6%         6-21      32%         3
 Confusing Touch          Hex            2%         N/A       50%         3
 Vampiric Draining        Necr           2%         2d6       50%         3
 Dispel Undead            Necr           2%         3d7       88%         4
 Death Channel            Necr           1%         N/A       100%        6


Dungeon Overview and Level Annotations

Branches:
Dungeon (3/15)

Altars:
Fedhas

Annotations:
D:3 Grinder


Innate Abilities, Weirdness & Mutations

Your plain brown scales are hard. (AC +5)
You cannot fit into any form of body armour.
You are cold-blooded and may be slowed by cold attacks.


Message History

The magic dart hits Grinder.
Grinder is moderately wounded.
Grinder blinks!
Aiming: Magic Dart (safe; 6% risk of failure)
Press: ? - help, Q - select action, (/) - cycle Shift-Dir - straight line, f/p - Grinder
Aim: Grinder, carrying a wand of flame (18) (moderately wounded, 100% to hit)
The magic dart hits Grinder.
Grinder is moderately wounded.
Grinder zaps a wand.
The puff of flame hits you!
* * * LOW HITPOINT WARNING * * *
The kobold closely misses you.
Unknown command.
Aiming: Magic Dart (safe; 6% risk of failure)
Press: ? - help, Q - select action, (/) - cycle Shift-Dir - straight line, f/p - Grinder
Aim: Grinder, carrying a wand of flame (17) (moderately wounded, 100% to hit)
The magic dart hits Grinder.
Grinder is moderately wounded.
The kobold closely misses you.
It was a potion of berserk rage.
A red film seems to cover your vision as you go berserk!
You feel yourself moving faster!
You feel mighty! Grinder hits you.
* * * LOW HITPOINT WARNING * * *
You writhe in agony.
* * * LOW HITPOINT WARNING * * *
The kobold barely misses you.
You hit Grinder.
Your tail-slap misses Grinder.
Grinder is heavily wounded.
Grinder barely misses you.
You puncture Grinder! You tail-slap Grinder!
Grinder is almost dead.
The kobold closely misses you. Grinder gestures at you.
You suddenly lose the ability to move!
The kobold hits you but does no damage.
Grinder blinks!
The kobold hits you but does no damage.
Grinder blinks!
The kobold hits you but does no damage.
Grinder blinks!
The kobold hits you with a +0 dagger.
* * * LOW HITPOINT WARNING * * *
Grinder zaps a wand.
The puff of flame hits you!
You die...

#.# #.# #.#
#.# ##.## #.#
##.#.K.###.#
....K.......#
.####.#...###
#### #.###.#
... #5
#.#######.#
##
#..§..§K@5#
###########


You could see Grinder and a kobold.

Vanquished Creatures
  Jessica (D:3)
  3 adders (D:2)
  2 dart slugs
  3 endoplasms
  2 giant cockroaches (D:2)
  5 hobgoblins
  2 jackals (D:2)
  A quokka (D:1)
  4 ball pythons
  5 bats
  A frilled lizard (D:3)
  4 goblins
  8 kobolds
  A rat (D:1)
42 creatures vanquished.

Notes
Turn   | Place    | Note
-------+----------+-------------------------------------------
     0 | D:1      | lawman0 the Draconian Hedge Wizard began the quest for the
                  | Orb.
     0 | D:1      | Reached XP level 1. HP: 14/14 MP: 4/4
   303 | D:1      | Reached XP level 2. HP: 20/20 MP: 1/6
   756 | D:1      | Found a faded altar of an unknown god.
   879 | D:1      | Learned a level 1 spell: Slow
   882 | D:1      | Learned a level 2 spell: Blink
   885 | D:1      | Learned a level 2 spell: Call Imp
  1081 | D:2      | Reached XP level 3. HP: 15/26 MP: 0/8
  1160 | D:2      | Learned a level 3 spell: Mephitic Cloud
  1260 | D:2      | Found a blossoming altar of Fedhas.
  2523 | D:3      | Reached XP level 4. HP: 34/34 MP: 7/9
  2600 | D:3      | Noticed Jessica
  2607 | D:3      | Killed Jessica
  2820 | D:3      | Noticed Grinder
  2834 | D:3      | Paralysed by Grinder for 7 turns
  2850 | D:3      | Paralysed by Grinder for 5 turns
  2854 | D:3      | Killed from afar by Grinder

Illustrated notes

Levels and vault maps discovered:
D:1:      dpeg_arrival_morbid_curiosity, layout_basic, basic_ecumenical_altar
D:2:      layout_loops_ring, basic_altar
D:3:      layout_basic, uniq_jessica, uniq_grinder

Skill      XL: |  1  2  3  4 |
---------------+-------------+-----
Dodging        | 2 |  2.2
Conjurations   | 2 |  2.6
Stealth        | 2 |  2.0
Fighting       | |  0.6
Spellcasting   | |  3.9
Summonings     | |  1.0
Translocations | |  1.0

Action                   |  1- 3 |  4- 6 || total
-------------------------+-------+-------++-------
Melee: Dagger            |    22 |       ||    22
       Spear             |    45 |     9 ||    54
       Tailslap          |     4 |     3 ||     7
 Cast: Magic Dart        |    94 |    16 ||   110
  Use: Scroll            |     1 |     2 ||     3
       Potion            |     1 |     1 ||     2
 Stab: Sleeping          |     1 |       ||     1
Armor: Skin              |    36 |     5 ||    41
Dodge: Dodged            |    43 |    14 ||    57

Table legend: (Time is in decaauts)
 A = Elapsed time spent in this place.
 B = Non-inter-level travel time spent in this place.
 C = Inter-level travel time spent in this place.
 D = Time resting spent in this place.
 E = Time spent auto-exploring this place.
 F = Levels seen in this place.
 G = Mean time per level.
                   A        B        C        D        E       F      G
               +--------+--------+--------+--------+--------+-----+--------+
         Total |   2838 |   2791 |     47 |    494 |   1914 |   3 |  946.0 |
       Dungeon |   2838 |   2791 |     47 |    494 |   1914 |   3 |  946.0 |
               +--------+--------+--------+--------+--------+-----+--------+

Top non-repeatable levels by time:
     D:2: 1303 daAuts
     D:1: 1046 daAuts
     D:3: 488 daAuts
